 Dungeon Crawl Stone Soup version 0.28-a0-1199-gef9e1dbd39 (webtiles) character file.

Game seed: 13212967178255214212

50933 oldriver the Severer (level 14, -2/207 HPs)
             Began as a Minotaur Berserker on Dec 19, 2021.
             Was a High Priest of Trog.
             Succumbed to poison (poison gas)
             ... on level 6 of the Lair of Beasts.
             The game lasted 00:26:57 (22287 turns).

oldriver the Severer (Minotaur Berserker)          Turns: 22287, Time: 00:26:58

Health: -2/207     AC: 27    Str: 25    XL:     14   Next: 21%
Magic:  4/4        EV:  9    Int:  4    God:    Trog [*****.]
Gold:   1088       SH:  5    Dex: 14    Spells: 13/13 levels left

rFire   + . .      SeeInvis .   L - +5 war axe of Yrchatza {antimagic, rElec Will++ rCorr Str+2}
rCold   . . .      Faith    .   (no shield)
rNeg    . . .      Spirit   .   D - +5 plate armour
rPois   .          Reflect  +   B - +1 hat {Stlth+}
rElec   +          Harm     .   v - +0 cloak
rCorr   +          Rampage  .   x - +0 pair of gloves
Will    +++++                   A - +2 pair of boots
Stlth   ..........              p - amulet of reflection
HPRegen 1.44/turn               o - ring of protection from fire
MPRegen 0.09/turn               C - ring of flight

@: berserking, lethally poisoned (-2 -> -81), strong-willed, flying,
regenerating, very quick
A: horns 2, retaliatory headbutt
a: Renounce Religion, Berserk, Trog's Hand, Brothers in Arms


You were on level 6 of the Lair of Beasts.
You worshipped Trog.
Trog was extremely pleased with you.
You visited 2 branches of the dungeon, and saw 16 of its levels.
You also visited: Sewer.

You collected 1088 gold pieces.

Inventory:

Hand Weapons
 L - the +5 war axe of Yrchatza (weapon) {antimagic, rElec Will++ rCorr Str+2}
   (You found it on level 5 of the Lair of Beasts)

   It reduces the magical energy of the wielder, and disrupts the spells and
   magical abilities of those it strikes.
   Natural abilities and divine invocations are not affected.
   Str:       It affects your strength (+2).
   rElec:     It insulates you from electricity.
   rCorr:     It protects you from acid and corrosion.
   Will:      It greatly increases your willpower.
 P - a +3 dire flail
Missiles
 N - 3 throwing nets (quivered)
 O - 2 boomerangs
Armour
 v - a +0 cloak (worn)
 x - a +0 pair of gloves (worn)
 A - a +2 pair of boots (worn)
 B - a +1 hat of stealth (worn)
 D - a +5 plate armour (worn)
Jewellery
 g - a ring of fire
 o - a ring of protection from fire (left hand)
 p - an amulet of reflection (around neck)
 u - an amulet of magic regeneration
 C - a ring of flight (right hand)
Wands
 q - a wand of acid (7)
 s - a wand of mindburst (6)
 y - a wand of charming (6)
 I - a wand of flame (17)
 J - a wand of polymorph (3)
 M - a wand of iceblast (2)
 T - a wand of paralysis (1)
Scrolls
 a - a scroll of brand weapon
 d - 4 scrolls of blinking
 f - 5 scrolls of immolation
 k - 3 scrolls of enchant armour
 l - 8 scrolls of teleportation
 n - 4 scrolls of fear
 w - a scroll of holy word
 G - 5 scrolls of identify
 Q - a scroll of acquirement {unknown}
 R - 2 scrolls of magic mapping {unknown}
 S - 2 scrolls of fog
 U - a scroll of enchant weapon
 V - a scroll of silence
Potions
 b - 2 potions of might
 c - 2 potions of mutation
 e - a potion of magic
 h - 3 potions of flight
 i - 5 potions of brilliance {unknown}
 j - a potion of curing
 m - 5 potions of haste
 r - 3 potions of heal wounds {unknown}
 t - 2 potions of attraction {unknown}
 z - a potion of ambrosia {unknown}
 E - a potion of resistance {unknown}
 F - 3 potions of lignification {unknown}
 H - 2 potions of berserk rage
 K - a potion of invisibility {unknown}


   Skills:
 * Level 16.9 Fighting
 * Level 18.9 Axes
 + Level 11.1 Armour
 + Level 5.6 Dodging
 + Level 2.6 Stealth
 - Level 5.7 Shields
 + Level 6.3 Evocations


You had 13 spell levels left.
You didn't know any spells.
Your spell library was empty.

Dungeon Overview and Level Annotations

Branches:
Dungeon (10/15)            Temple (0/1) D:5            Lair (6/6) D:10
 Shoals (0/4) Lair:3       Spider (0/4) Lair:2        Slime (0/5) Lair:5
    Orc (0/2) D:9           Sewer (visited)

Altars:
Cheibriados
Gozag
Kikubaaqudgha
Makhleb
Okawaru
Wu Jian
Xom
Zin
The Shining One
Beogh
Jiyva

Shops:
D:6 !


Innate Abilities, Weirdness & Mutations

You have a pair of horns on your head.
You reflexively headbutt those who attack you in melee.


Message History

You feel extremely sick.
You slash the swamp dragon! You headbutt the swamp dragon!
The swamp dragon is moderately wounded.
You are engulfed in poison gas.
You are more poisoned.
* * * LOW HITPOINT WARNING * * *
You feel very sick.
The swamp dragon bites you but does no damage.
You block the swamp dragon's attack. The swamp dragon closely misses you.
You slash the swamp dragon! Your headbutt misses the swamp dragon.
The swamp dragon is heavily wounded.
You are engulfed in poison gas.
You are more poisoned.
* * * LOW HITPOINT WARNING * * *
x2 You feel very sick.
Unknown command.
You slash the swamp dragon!
The swamp dragon is severely wounded.
You are engulfed in poison gas.
You are more poisoned.
* * * LOW HITPOINT WARNING * * *
x2 You feel extremely sick.
Unknown command.
You barely miss the swamp dragon. You headbutt the swamp dragon!
The swamp dragon is almost dead.
You are engulfed in poison gas.
You are more poisoned.
* * * LOW HITPOINT WARNING * * *
x2 You feel extremely sick.
The swamp dragon breathes poison at you.
The blast of poison engulfs you!
You are more poisoned.
* * * LOW HITPOINT WARNING * * *
You slash the swamp dragon!
You kill the swamp dragon!
Trog accepts your kill.
You are engulfed in poison gas.
You are more poisoned.
* * * LOW HITPOINT WARNING * * *
You die...

♣♣.≈≈≈..) ♣♣≈≈...?♣ #..
♣.≈≈≈≈.$ ♣♣...≈ ..♣ #..
♣≈≈≈≈≈.♣♣♣♣..≈≈≈♣♣.♣♣
#..
♣≈≈≈≈≈≈.♣♣.≈≈♣♣≈≈♣..♣
#..
♣≈≈≈≈≈.♣♣♣.≈..♣♣≈≈≈♣♣
#..
♣.≈≈≈D°♣♣≈≈..♣♣♣≈†..♣
#..
♣≈≈≈†.♣♣.....♣.†♣≈†♣♣
#..
♣.≈≈°○○♣♣♣°..♣..♣.≈.♣
#..
♣≈.≈≈.♣♣@°°♣♣..♣♣♣≈.♣
#..
♣♣.≈☼○☼☼°°°♣...♣♣.≈♣♣
#..
♣..P○○°°°♣♣♣♣.♣♣.†♣♣
#.. ♣♣.☼♣○○P♣♣
♣♣♣♣≈≈.♣♣#.. ♣♣♣♣♣♣♣♣
###...≈.P#..
##########.[.........
#....................
###....................
#......................


There were no monsters in sight!

Vanquished Creatures
  Gastronok (Lair:1)
  Nessos (Lair:5)
  A fire dragon (Lair:6)
  7 hydras
  Harold (Lair:2)
  A catoblepas (Lair:2)
  3 death yaks (D:10)
  A swamp dragon (Lair:6)
  A lindwurm (Lair:6)
  A manticore (Lair:6)
  15 elephants
  3 black mambas
  3 torpor snails (Lair:6)
  12 cane toads
  A gargoyle (D:8)
  3 rime drakes
  8 komodo dragons
  A kobold demonologist (D:10)
  9 polar bears (Lair:6)
  A hornet (D:8)
  A raiju (Lair:6)
  25 blink frogs
  4 dream sheep
  Sigmund (D:3)
  A wyvern (Lair:6)
  48 yaks
  6 basilisks
  3 steam dragons (Lair:6)
  6 wargs (Lair:6)
  3 acid dragons
  13 water moccasins
  14 hell hounds (Lair:6)
  A sky beast (D:7)
  An orc warrior (D:8)
  14 black bears
  2 ice beasts
  A necrophage (D:8)
  27 wolves
  5 ogres
  4 centaurs
  A phantom (D:5)
  A kobold brigand (D:9)
  13 bullfrogs
  4 scorpions
  3 killer bees (D:8)
  4 wights (D:10)
  2 howler monkeys
  A centaur zombie (D:7)
  2 hounds
  3 jellies
  2 orc priests (D:8)
  Jessica (D:2)
  9 iguanas
  2 hell rats (D:10)
  A scorpion zombie (D:5)
  5 orc wizards
  4 gnolls (D:3)
  2 howler monkey zombies
  7 adders
  3 river rats
  A white imp (D:7)
  An adder skeleton (D:5)
  2 worms
  2 dart slugs
  36 orcs
  7 ball pythons
  13 bats
  6 endoplasms
  2 giant cockroaches (D:3)
  4 goblins
  7 hobgoblins
  6 jackals
  6 quokkas
  3 frilled lizards
  14 kobolds
  7 rats
441 creatures vanquished.

Vanquished Creatures (others)
  A basilisk (Lair:6)
  An orc wizard (D:7)
  32 fungi
  60 plants
94 creatures vanquished.

Grand Total: 535 creatures vanquished

Notes
Turn   | Place    | Note
-------+----------+-------------------------------------------
     0 | D:1      | oldriver the Minotaur Berserker began the quest for the
                  | Orb.
     0 | D:1      | Reached XP level 1. HP: 19/19 MP: 0/0
   318 | D:1      | Reached XP level 2. HP: 24/27 MP: 1/1
   319 | D:1      | Reached skill level 4 in Axes
   695 | D:1      | Reached ** piety under Trog
   929 | D:2      | Reached XP level 3. HP: 33/33 MP: 2/2
  1072 | D:2      | Noticed Jessica
  1084 | D:2      | Killed Jessica
  1163 | D:2      | Reached XP level 4. HP: 41/41 MP: 3/3
  1293 | D:2      | Reached skill level 5 in Axes
  1424 | D:2      | Found a burning altar of Makhleb.
  1624 | D:3      | Reached XP level 5. HP: 41/47 MP: 4/4
  1636 | D:3      | Found a faded altar of an unknown god.
  1726 | D:3      | Found a glowing drain.
  1744 | Sewer    | Entered a sewer
  1777 | Sewer    | Reached *** piety under Trog
  1844 | Sewer    | Noticed a water moccasin
  1859 | Sewer    | Killed a water moccasin
  1860 | Sewer    | Reached skill level 5 in Fighting
  1860 | Sewer    | Reached skill level 6 in Axes
  1860 | Sewer    | Reached XP level 6. HP: 56/56 MP: 5/5
  1995 | D:3      | Noticed Sigmund
  2004 | D:3      | Killed Sigmund
  2005 | D:3      | Reached skill level 7 in Axes
  2241 | D:3      | Found an ornate altar of the Wu Jian Council.
  2282 | D:3      | Reached skill level 1 in Stealth
  2687 | D:4      | Reached XP level 7. HP: 57/61 MP: 6/6
  2902 | D:4      | Reached skill level 8 in Axes
  3409 | D:4      | Found a glowing golden altar of the Shining One.
  3475 | D:4      | Reached skill level 1 in Evocations
  3718 | D:4      | Reached **** piety under Trog
  3979 | D:5      | Entered Level 5 of the Dungeon
  3992 | D:5      | Reached skill level 9 in Axes
  4138 | D:5      | Found a staircase to the Ecumenical Temple.
  4443 | D:5      | Reached XP level 8. HP: 70/70 MP: 7/7
  4473 | D:5      | Reached skill level 1 in Shields
  5057 | D:6      | Reached skill level 10 in Axes
  5197 | D:6      | Found a glowing silver altar of Zin.
  5256 | D:6      | Found Dueqaa's Distillery.
  5491 | D:6      | Found an ancient bone altar of Kikubaaqudgha.
  6406 | D:7      | Reached skill level 11 in Axes
  6406 | D:7      | Reached XP level 9. HP: 57/79 MP: 8/8
  7070 | D:7      | Found a shimmering altar of Xom.
  8236 | D:8      | Paralysed by a hornet for 3 turns
  8244 | D:8      | Reached skill level 5 in Dodging
  8606 | D:8      | Found an opulent altar of Gozag.
  8693 | D:8      | Noticed a gargoyle
  8694 | D:8      | Reached skill level 12 in Axes
  8701 | D:8      | Killed a gargoyle
  9284 | D:9      | Reached XP level 10. HP: 79/91 MP: 9/9
  9646 | D:9      | Found a staircase to the Orcish Mines.
  9799 | D:9      | Reached skill level 13 in Axes
  9890 | D:9      | Found a burning altar of Makhleb.
  9890 | D:9      | Noticed a green death
 10516 | D:10     | Entered Level 10 of the Dungeon
 10819 | D:10     | Noticed a centaur warrior
 10855 | D:10     | Noticed a death yak
 10855 | D:10     | Noticed a death yak
 10856 | D:10     | Found a staircase to the Lair.
 10869 | D:10     | Noticed a death yak
 10874 | D:10     | Killed a death yak
 10884 | D:10     | Killed a death yak
 10885 | D:10     | Reached skill level 10 in Fighting
 10885 | D:10     | Reached skill level 14 in Axes
 10893 | D:10     | Killed a death yak
 10894 | D:10     | Reached skill level 5 in Armour
 10938 | D:9      | Reached XP level 11. HP: 75/101 MP: 10/10
 11472 | D:10     | Found an iron altar of Okawaru.
 11625 | Lair:1   | Entered Level 1 of the Lair of Beasts
 11635 | Lair:1   | Reached skill level 15 in Axes
 11892 | Lair:1   | Reached skill level 5 in Shields
 12011 | Lair:1   | Noticed Gastronok
 12037 | Lair:1   | Killed Gastronok
 13097 | Lair:2   | Reached skill level 16 in Axes
 13110 | Lair:2   | Reached ***** piety under Trog
 13366 | Lair:2   | Noticed a catoblepas
 13379 | Lair:2   | Killed a catoblepas
 13380 | Lair:2   | Reached XP level 12. HP: 56/113 MP: 11/11
 13692 | Lair:2   | Found a hole to the Spider Nest.
 13773 | Lair:2   | Reached skill level 5 in Evocations
 13814 | Lair:2   | Found a dark tunnel.
 13955 | Lair:2   | Noticed Harold
 13957 | Lair:2   | Paralysed by Harold for 4 turns
 13969 | Lair:2   | Killed Harold
 14768 | Lair:3   | Found a staircase to the Shoals.
 14840 | Lair:3   | Noticed a four-headed hydra
 14886 | Lair:3   | Killed a four-headed hydra
 15242 | Lair:3   | Reached skill level 17 in Axes
 15935 | Lair:4   | Found a shimmering altar of Xom.
 17183 | Lair:5   | Reached XP level 13. HP: 108/124 MP: 12/12
 17309 | Lair:5   | Noticed Nessos
 17933 | Lair:5   | Killed Nessos
 18135 | Lair:5   | Found a runed translucent door.
 18136 | Lair:5   | Found a viscous altar of Jiyva.
 18138 | Lair:5   | Found a staircase to the Slime Pits.
 18504 | Lair:6   | Entered Level 6 of the Lair of Beasts
 18536 | Lair:5   | Identified the +5 war axe of Yrchatza {antimagic, rElec
                  | Will++ rCorr Str+2}
 19523 | Lair:6   | Reached skill level 18 in Axes
 19580 | Lair:6   | Reached skill level 15 in Fighting
 19588 | Lair:6   | Reached skill level 10 in Armour
 20002 | Lair:6   | Received a gift from Trog
 20820 | Lair:6   | Found a snail-covered altar of Cheibriados.
 21496 | Lair:6   | Reached XP level 14. HP: 106/137 MP: 4/13
 22286 | Lair:6   | HP: 10/207 [swamp dragon/blast of poison (8)]
 22287 | Lair:6   | Succumbed to poison (poison gas)

Illustrated notes

Levels and vault maps discovered:
D:1:      giann_bridges, layout_loops_ring
D:2:      layout_rooms, basic_altar, uniq_jessica
D:3:      layout_loops_ring, mainiacjoe_overflow_boulevard,
          hellmonk_ecumenical_altar_defaced_shrine,
          cheibrodos_sewer_entry_sluice, uniq_sigmund
D:4:      layout_loops_corners, nicolae_overflow_hidden_temple, uniq_grinder
D:5:      layout_cave_pools, minmay_temple_entry_nine_rooms, serial_rivers,
          chequers_serial_rivers_small_b, chequers_serial_rivers_micro_a,
          chequers_serial_rivers_large_a, chequers_serial_rivers_micro_e,
          chequers_serial_rivers_small_3, kennysheep_another_room
D:6:      layout_loops_cross, lemuel_round_altar, zin_treasury, serial_shops,
          nicolae_shop_hallway_plus
D:7:      layout_cave_pools, mainiacjoe_overflow_surrounded_room
D:8:      layout_cave_pools, nicolae_gozag_cash_rules_everything_around_me
D:9:      layout_roguey, makhleb_altar_promises_db, orc_0_dummy,
          minmay_misc_feat_iff
D:10:     layout_rooms, mainiacjoe_overflow_paths, dpeg_lair_monsters,
          corexii_hall_statues_i, minmay_misc_feat_enclosed
Lair:1:   layout_cave_pods, bh_autumn_forest_stairs, st_stairs_13,
          uniq_gastronok
Lair:2:   layout_chaotic_city, spider_nest_entry_web_field, enter_volcano_2,
          grunt_megastairs_1, uniq_harold
Lair:3:   layout_roguey, shoals_dummy_entry, infiniplex_staircase_pool,
          serial_bayou_shore_b, grunt_megastairs_5
Lair:4:   layout_cellular_growth, basic_altar
Lair:5:   layout_regular_city, slime_altar_2, serial_bayou_shore_b, uniq_nessos
Lair:6:   guppyfry_lair_end_dragon, layout_regular_city,
          hangedman_lair_caniforms_friends, kennysheep_snail_temple

Skill      XL: |  1  2  3  4  5  6  7  8  9 10 11 12 13 |
---------------+----------------------------------------+-----
Axes           | 4 5 6 7 9 11 12 14 16 17 18 | 18.9
Fighting       | 4 5 6 7 9 10 12 14 16 | 16.9
Armour         | 3 4 5 6 9 11 | 11.1
Dodging        | 3 4 5 |  5.6
Stealth        | 1 2 |  2.6
Evocations     | 1 2 3 4 6 |  6.3
Shields        | 1 3 4 5 |  5.7

Action                   |  1- 3 |  4- 6 |  7- 9 | 10-12 | 13-15 || total
-------------------------+-------+-------+-------+-------+-------++-------
Melee: Hand axe          |    54 |    88 |   346 |   246 |       ||   734
       Headbutt          |    10 |     9 |    84 |   119 |   115 ||   337
       War axe           |       |       |       |   276 |   384 ||   660
       Dire flail        |       |       |       |       |    57 ||    57
Invok: Berserk           |       |     2 |     2 |     3 |     4 ||    11
       Trog's Hand       |       |       |       |     1 |     1 ||     2
       Brothers in Arms  |       |       |       |       |     1 ||     1
Evoke: Wand              |       |       |     3 |     9 |     3 ||    15
  Use: Scroll            |       |     2 |     9 |     9 |     3 ||    23
       Potion            |       |       |       |       |     3 ||     3
 Stab: Sleeping          |     1 |       |     2 |       |       ||     3
       Paralysed         |       |       |       |       |     2 ||     2
Armor: Animal skin       |     8 |     7 |       |       |       ||    15
       Robe              |       |     7 |    55 |       |       ||    62
       Plate armour      |       |       |    51 |   196 |   360 ||   607
Dodge: Dodged            |    29 |    59 |   152 |   121 |   199 ||   560
Block: Other             |       |     2 |    60 |    74 |   114 ||   250
       Reflection        |       |       |     1 |       |     3 ||     4

Table legend: (Time is in decaauts)
 A = Elapsed time spent in this place.
 B = Non-inter-level travel time spent in this place.
 C = Inter-level travel time spent in this place.
 D = Time resting spent in this place.
 E = Time spent auto-exploring this place.
 F = Levels seen in this place.
 G = Mean time per level.
                   A        B        C        D        E       F      G
               +--------+--------+--------+--------+--------+-----+--------+
         Total |  22062 |  21019 |   1043 |   7103 |  10744 |  17 | 1297.8 |
       Dungeon |  11556 |  11057 |    499 |   3695 |   5814 |  10 | 1155.6 |
          Lair |  10283 |   9740 |    543 |   3336 |   4831 |   6 | 1713.8 |
         Sewer |    222 |    222 |      0 |     71 |     99 |   1 |  222.0 |
               +--------+--------+--------+--------+--------+-----+--------+

Top non-repeatable levels by time:
  Lair:6: 2604 daAuts
  Lair:5: 1996 daAuts
     D:7: 1797 daAuts
  Lair:1: 1711 daAuts
  Lair:4: 1586 daAuts
  Lair:2: 1398 daAuts
     D:4: 1343 daAuts
     D:9: 1337 daAuts
     D:6: 1331 daAuts
     D:8: 1246 daAuts
     D:5: 1036 daAuts
    D:10: 1014 daAuts
  Lair:3: 986 daAuts
     D:3: 935 daAuts
     D:1: 884 daAuts
